 Dungeon Crawl Stone Soup version 0.25-a0-258-g6d7e32a812 (webtiles) character file.

Game seed: 11379460487692655016, levelgen mode: deterministic

3826 TsetAccount the Frost Mage (level 9, -3/62 HPs)
             Began as a Pale Draconian Ice Elementalist on Dec 6, 2019.
             Was a Believer of Yredelemnul.
             Slain by Grum
             ... wielding a -1 spear
              (23 damage)
             ... on level 9 of the Dungeon.
             The game lasted 00:22:30 (10171 turns).

TsetAccount the Frost Mage (DrIE)                  Turns: 10171, Time: 00:22:30

Health: -3/62      AC:  8    Str: 17    XL:     9   Next: 97%
Magic:  8/20       EV: 15    Int: 18    God:    Yredelemnul [**....]
Gold:   399        SH:  0    Dex: 18    Spells: 11/23 levels left

rFire    . . .     SeeInvis .   A - +7 morningstar "Sim Zasch" {distort, rN++ Dex+6 Stlth-}
rCold    . . .     Gourm    .   (no shield)
rNeg     + + .     Faith    .   (armour unavailable)
rPois    +         Spirit   .   (helmet restricted)
rElec    .         Reflect  .   B - +0 cloak {rPois}
rCorr    .         Harm     .   (no gloves)
MR       .....                  (no boots)
Stlth    +.........             (no amulet)
HPRegen  0.20/turn              x - +3 ring of evasion
MPRegen  0.17/turn              C - ring of Hisuothru {*Contam +Fly rPois Str+6}

@: very slightly contaminated
A: breathe steam, unfitting armour, cold-blooded, AC +7
a: Breathe Steam, Animate Remains, Recall Undead Slaves, Injury Mirror, Renounce
Religion, Evoke Flight


You were on level 9 of the Dungeon.
You worshipped Yredelemnul.
Yredelemnul was pleased with you.
You were not hungry.

You visited 1 branch of the dungeon, and saw 9 of its levels.

You collected 399 gold pieces.

Inventory:

Hand Weapons
 h - a +0 hunting sling
 q - a +0 war axe
 y - a +2 dagger of venom
 A - the +7 morningstar "Sim Zasch" (weapon) {distort, rN++ Dex+6 Stlth-}
   (You found it on level 4 of the Dungeon)

   It warps and distorts space around it.
   Unwielding it can cause banishment or high damage.
   It affects your dexterity (+6).
   It greatly protects you from negative energy.
   It makes you less stealthy.
 J - a +4 scimitar of flaming
Missiles
 d - 5 curare-tipped darts
 j - 23 poisoned darts (quivered)
 r - 76 sling bullets
 v - 8 atropa-tipped darts
 w - a throwing net
Armour
 B - a +0 cloak of poison resistance (worn)
 F - a +1 cloak
Jewellery
 x - a +3 ring of evasion (left hand)
 C - the ring of Hisuothru (right hand) {*Contam +Fly rPois Str+6}
   (You found it on level 6 of the Dungeon)

   [ring of poison resistance]

   It affects your strength (+6).
   It protects you from poison.
   It lets you fly.
   It causes magical contamination when unequipped.
 L - an uncursed ring of protection from magic {unknown}
 M - a +5 ring of dexterity {unknown}
Wands
 c - a wand of scattershot (7)
 p - a wand of digging (6)
 u - a wand of iceblast (7)
 H - a wand of polymorph (13)
Scrolls
 a - 5 scrolls of teleportation
 k - 6 scrolls of identify
 l - a scroll of remove curse
 n - a scroll of fear
 o - a scroll of amnesia
 s - a scroll of enchant armour
 G - a scroll of magic mapping {unknown}
 I - a scroll of brand weapon {unknown}
Potions
 e - 2 potions of brilliance
 f - 4 potions of haste
 g - 8 potions of curing
 i - 2 potions of flight
 m - 2 potions of agility
 t - 2 potions of berserk rage {unknown}
 z - a potion of cancellation
 D - a potion of heal wounds {unknown}
 E - a potion of degeneration {unknown}
Comestibles
 b - 19 rations
 K - 5 chunks of flesh


   Skills:
 - Level 1.7 Dodging
 - Level 1.7 Stealth
 + Level 7.6 Spellcasting
 - Level 3.1 Conjurations
 - Level 2.2 Charms
 + Level 9.1 Ice Magic
 + Level 8.1 Invocations


You had 11 spell levels left.
You knew the following spells:

 Your Spells              Type           Power        Failure   Level  Hunger
a - Freeze                Ice            ####         1%          1    None
b - Ozocubu's Armour      Chrm/Ice       ####....     3%          3    #......
c - Hailstorm             Conj/Ice       ####....     9%          4    ###....
d - Summon Ice Beast      Ice/Summ       ###.....     16%         4    ###....

Your spell library contained the following spells:

 Spells                   Type           Power        Failure   Level  Hunger
 Leda's Liquefaction      Hex/Erth       #.........   69%         4    ###....
 Bolt of Magma            Conj/Fire/Erth ##........   88%         5    #####..
 Iron Shot                Conj/Erth      ##........   100%        6    ######.
 Statue Form              Tmut/Erth      #........    100%        6    ######.
 Shatter                  Erth           #.........   100%        9    #######


Dungeon Overview and Level Annotations

Branches:
Dungeon (9/15)             Temple (0/1) D:4            Lair (0/6) D:9
    Orc: D:9-12

Altars:
Kikubaaqudgha
Ru
Sif Muna
Trog
Yredelemnul
The Shining One

Shops:
D:7 =(   D:8 =

Annotations:
D:1 exclusion: downstairs
D:9 Grum


Innate Abilities, Weirdness & Mutations

You can breathe blasts of scalding, opaque steam.
Your pale cyan-grey scales are hard. (AC +7)
You cannot fit into any form of body armour.
You are cold-blooded and may be slowed by cold attacks.


Message History

You miscast Hailstorm.
You are very lightly contaminated with residual magic.
A chill runs through your body. The wolf closely misses you.
Grum barely misses you.
Casting: Hailstorm (safe; 9% risk of failure)
Confirm with . or Enter, or press ? or * to list all spells.
A cannonade of hail descends around you!
The hail pelts Grum!!
Grum is heavily wounded.
The hail misses the wolf.
The wolf barely misses you. The wolf closely misses you.
The wolf bites you but does no damage.
Grum hits you from afar with a -1 spear!
The wolf bites you.
Casting: Hailstorm (safe; 9% risk of failure)
Confirm with . or Enter, or press ? or * to list all spells.
You miscast Hailstorm.
Your skin tingles.
The wolf closely misses you. The wolf misses you.
Grum hits you from afar with a -1 spear!!
You die...
Your body rises from the dead as a mindless zombie.

...#........#..........
...+....)...#..########
####........#..'.......
........(..#..#.......
............#..#.......
.........(..+..#########
..........<(#...........
..#####...###..h........
#...#....h@.......
#...#....h######..
#...#...g.'....#
#...#..(..'....#
#...#...###....#
..###... ....# .....
....# #.(... ...# ..(.(
...#


You could see Grum and 3 wolves.

Vanquished Creatures
  Erica (D:8)
  Maurice (D:7)
  A hippogriff (D:4)
  A water moccasin (D:8)
  An orc warrior (D:6)
  3 sky beasts
  2 black bears (D:6)
  An ice beast (D:6)
  3 ogres
  2 centaurs
  A big kobold (D:7)
  3 bullfrogs (D:6)
  8 killer bees (D:8)
  4 howler monkeys
  A crimson imp (D:6)
  A centaur zombie (D:7)
  A quasit (D:7)
  A jelly (D:7)
  3 orc wizards
  2 orc priests (D:5)
  3 hounds
  2 iguanas
  A centaur skeleton (D:6)
  3 worker ants (D:7)
  3 hound skeletons
  Robin (D:2)
  8 adders
  A gnoll (D:8)
  2 shadow imps
  An ooze (D:2)
  An adder zombie (D:6)
  2 adder skeletons
  2 dart slugs
  3 leopard geckos
  14 orcs
  4 giant cockroaches
  19 goblins
  9 hobgoblins
  6 jackals
  17 kobolds
  A quokka (D:5)
  7 bats
  6 frilled lizards
  A quokka skeleton (D:5)
  5 rats
163 creatures vanquished.

Vanquished Creatures (collateral kills)
  An ice beast (D:8)
  A bullfrog (D:8)
  A shadow imp (D:8)
3 creatures vanquished.

Vanquished Creatures (others)
  A wizard (D:5)
  A bullfrog (D:7)
  A crimson imp (D:5)
  A worker ant (D:5)
  3 killer bee zombies (D:8)
  A howler monkey skeleton (D:7)
  An iguana zombie (D:8)
  2 orcs
  A bat (D:2)
12 creatures vanquished.

Grand Total: 178 creatures vanquished

Notes
Turn   | Place    | Note
-------+----------+-------------------------------------------
     0 | D:1      | TsetAccount the Draconian Ice Elementalist began the quest
                  | for the Orb.
     0 | D:1      | Reached XP level 1. HP: 14/14 MP: 3/3
   126 | D:1      | Reached XP level 2. HP: 11/20 MP: 0/5
  1284 | D:2      | Noticed Robin
  1291 | D:1      | Reached XP level 3. HP: 22/26 MP: 1/7
  1353 | D:1      | Learned a level 3 spell: Ozocubu's Armour
  1413 | D:2      | Killed Robin
  1756 | D:2      | Reached skill level 1 in Charms
  1756 | D:2      | Reached XP level 4. HP: 30/33 MP: 4/8
  1858 | D:2      | Found a basalt altar of Yredelemnul.
  1861 | D:2      | Found a glowing golden altar of the Shining One.
  1865 | D:2      | Noticed a profane servitor
  1870 | D:2      | Became a worshipper of Yredelemnul the Dark
  1928 | D:2      | Noticed an angel
  2236 | D:3      | Found a faded altar of an unknown god.
  2789 | D:3      | Found a sacrificial altar of Ru.
  2933 | D:3      | Reached * piety under Yredelemnul
  2933 | D:3      | Reached skill level 5 in Ice Magic
  3391 | D:4      | Reached XP level 5. HP: 31/38 MP: 8/10
  3601 | D:4      | Found a staircase to the Ecumenical Temple.
  3953 | D:4      | Got a bloodstained morningstar
  3998 | D:4      | Noticed a hippogriff
  4051 | D:4      | Identified the +7 morningstar "Sim Zasch" {distort, rN++
                  | Dex+6 Stlth-} (You found it on level 4 of the Dungeon)
  4102 | D:4      | Noticed an ogre
  4123 | D:4      | Killed an ogre
  4123 | D:4      | Reached skill level 1 in Invocations
  4360 | D:4      | Learned a level 4 spell: Hailstorm
  4410 | D:4      | Reached XP level 6. HP: 41/45 MP: 11/11
  4979 | D:5      | Entered Level 5 of the Dungeon
  5062 | D:5      | Found an ancient bone altar of Kikubaaqudgha.
  5103 | D:5      | Noticed a sky beast
  5104 | D:5      | Found a bloodstained altar of Trog.
  5115 | D:5      | Killed a sky beast
  5115 | D:5      | Reached skill level 1 in Conjurations
  5476 | D:5      | Noticed a wizard
  5478 | D:5      | Killed a wizard
  5660 | D:5      | Your scales start taking on a pale cyan-grey colour.
  5660 | D:5      | Reached XP level 7. HP: 50/50 MP: 13/13
  6120 | D:5      | Learned a level 4 spell: Summon Ice Beast
  6211 | D:6      | Reached skill level 6 in Ice Magic
  6287 | D:6      | Reached skill level 5 in Spellcasting
  6287 | D:6      | Reached XP level 8. HP: 30/57 MP: 6/15
  6878 | D:6      | Reached ** piety under Yredelemnul
  6971 | D:6      | Got a smoking turquoise ring
  7194 | D:7      | Identified the ring of Hisuothru {*Contam +Fly rPois Str+6}
                  | (You found it on level 6 of the Dungeon)
  7213 | D:7      | Reached skill level 7 in Ice Magic
  7213 | D:7      | Reached skill level 5 in Invocations
  7308 | D:7      | Found Sieff's Jewellery Shop.
  7481 | D:7      | Found Gifaosej's Weapon Boutique.
  7991 | D:4      | Killed a hippogriff
  8078 | D:8      | Reached XP level 9. HP: 61/62 MP: 4/18
  8327 | D:8      | Reached skill level 8 in Ice Magic
  8650 | D:8      | Found a shimmering blue altar of Sif Muna.
  8976 | D:8      | Noticed Maurice
  9008 | D:7      | Killed Maurice
  9483 | D:8      | Found Vilaf's Jewellery Shoppe.
  9665 | D:8      | Noticed Erica
  9693 | D:8      | Killed Erica
  9693 | D:8      | Reached skill level 9 in Ice Magic
 10107 | D:9      | Found a staircase to the Lair.
 10161 | D:9      | Noticed Grum
 10171 | D:9      | Slain by Grum

Levels and vault maps discovered:
D:1:      minmay_arrival_jagged, layout_basic
D:2:      layout_rooms, grunt_temple_overflow_holy_war, palyth_stone_intersect,
          minmay_box_of_dots, uniq_robin
D:3:      layout_loops_ring, nicolae_ru_the_path_less_chosen,
          chequers_ecumenical_altar_simple_redux
D:4:      layout_basic, minmay_temple_entry_arrows, first_ration
D:5:      layout_loops_corners, nicolae_overflow_crystal_walls,
          hangedman_decor_riveting, trog_wizard
D:6:      layout_loops_ring
D:7:      layout_loops_ring, serial_shops, nicolae_shop_crystal, shop
D:8:      layout_loops_ring, kennysheep_mini_moat, serial_shops,
          nicolae_shop_competitors_out_of_business, blue_anna_alchemist
          [blue_anna_fruit_fields, blue_anna_fruit_fields], minmay_crossroads,
          uniq_maurice, uniq_erica
D:9:      layout_irregular_city, kennysheep_little_box, lair_entry_dummy,
          minmay_misc_feat_room, uniq_grum, uniq_pikel

Skill      XL: |  1  2  3  4  5  6  7  8  9 |
---------------+----------------------------+-----
Spellcasting   | 3 4 5 6 7 |  7.6
Charms         | 1 2 |  2.2
Ice Magic      | 5 6 7 9 |  9.1
Invocations    | 1 2 4 6 8 |  8.1
Conjurations   | 1 3 |  3.1
Dodging        | |  1.7
Stealth        | |  1.7

Action                   |  1- 3 |  4- 6 |  7- 9 || total
-------------------------+-------+-------+-------++-------
Melee: Whip              |    17 |     8 |       ||    25
       Dagger            |       |    42 |       ||    42
       Tailslap          |       |     9 |    25 ||    34
       Morningstar       |       |    27 |   155 ||   182
       Unarmed           |       |       |     5 ||     5
Throw: Dart              |    24 |    65 |    81 ||   170
 Cast: Freeze            |    46 |    43 |    51 ||   140
       Ozocubu's Armour  |       |       |     4 ||     4
       Summon Ice Beast  |       |       |     1 ||     1
       Hailstorm         |       |       |     5 ||     5
Invok: Animate Remains   |       |       |     4 ||     4
 Abil: Breathe Steam     |       |       |     2 ||     2
Evoke: Wand              |       |       |     2 ||     2
  Use: Scroll            |       |     7 |     8 ||    15
  Eat: Chunk             |     3 |    12 |    10 ||    25
       Ration            |       |       |     2 ||     2
Armor: Skin              |    10 |    29 |    86 ||   125
Dodge: Dodged            |    33 |    63 |   237 ||   333

Table legend:
 A = Non-vault XP
 B = Vault XP
 C = Vault XP percentage of total XP
 D = Non-vault monster count
 E = Vault monster count
 F = Vault count percentage of total count
                 A         B        C        D         E       F
            +---------+---------+-------+---------+---------+-------
      Total |    4296 |    1171 |  21.4 |     153 |      19 |  11.0
            +---------+---------+-------+---------+---------+-------
        D:1 |      35 |       2 |   5.4 |      23 |       1 |   4.2
        D:2 |      44 |      37 |  45.7 |       9 |      14 |  60.9
        D:3 |      61 |       0 |   0.0 |      22 |       0 |   0.0
        D:4 |     486 |       0 |   0.0 |      10 |       0 |   0.0
        D:5 |     451 |       0 |   0.0 |      20 |       0 |   0.0
        D:6 |    1003 |       0 |   0.0 |      27 |       0 |   0.0
        D:7 |     517 |     247 |  32.3 |      10 |       1 |   9.1
        D:8 |    1533 |     885 |  36.6 |      29 |       3 |   9.4
        D:9 |     166 |       0 |   0.0 |       3 |       0 |   0.0
            +---------+---------+-------+---------+---------+-------
